Map: Catalyst LE

Players

Zest

  • Race: Protoss Protoss
  • League: Master
  • Spawn Location: 11:00

Solar - Winner!

  • Race: Zerg Zerg
  • League: Diamond
  • Spawn Location: 5:00

Event: HomeStory Cup XVII

VOD

Have the link to the VOD?

Description

Time

  • Played on: July 1, 2018, 12:05 p.m.
  • Length: 16:02

All games in this series

Show
View Real Time Build Order
Export as new Build Order

Zest Protoss 

Build Orders: 1 Gate Expand, Oracle Opening, Phoenix Opening, Archon Immortal, Zealot Archon, Archon Drop 

Get SALT Encoding   

  12  0:01  Probe  
  13  0:13  Probe  
  14  0:18  Pylon  
  14  0:25  Probe  
  15  0:33  Probe  
  15  0:40  Gateway  
  15  0:41  Probe  
  16  0:47  Assimilator  
  17  0:51  Probe  
  18  1:03  Probe  
  19  1:15  Probe  
  20  1:25  Nexus  
  20  1:35  Cybernetics Core  
  20  1:38  Probe  
  21  1:45  Assimilator  
  21  1:51  Probe  
  22  1:54  Pylon  
  22  2:03  Adept, Probe  
  23  2:15  Stargate  
  25  2:18  Probe  
  26  2:24  Warp Gate  
  26  2:30  Adept, Probe  
  26  2:33  Probe  
  30  2:41  Probe  
  30  2:42  Probe  
  31  2:50  Phoenix  
  31  2:51  Probe  
  32  2:54  Probe  
  34  3:03  Probe  
  34  3:04  Oracle  
  37  3:06  Probe  
  38  3:15  Probe  
  38  3:18  Pylon  
  42  3:21  Probe  
  42  3:24  Assimilator  
  43  3:27  Assimilator, Probe  
  43  3:33  Probe  
  45  3:37  Probe  
  45  3:38  Robotics Facility  
  46  3:46  Probe x2  
  47  3:53  Twilight Council  
  47  3:54  Probe  
  48  3:58  Probe  
  48  4:00  Pylon  
  50  4:05  Probe  
  51  4:10  Probe  
  51  4:15  Warp Prism  
  52  4:23  Gateway  
  52  4:24  Gateway  
  52  4:25  Gateway  
  52  4:29  Charge  
  54  4:34  Templar Archives  
  54  4:39  Zealot  
  54  4:41  Probe  
  54  4:42  Probe  
  58  4:51  Pylon  
  58  4:58  Nexus  
  58  5:00  Probe  
  58  5:05  Pylon  
  59  5:08  Probe  
  60  5:17  High Templar x2, Observer  
  60  5:18  High Templar  
  60  5:19  High Templar  
  69  5:22  Pylon  
  69  5:23  Archon x2  
  69  5:26  Shield Battery  
  69  5:27  Probe x2  
  69  5:28  Immortal  
  75  5:54  Immortal  
  75  5:58  Probe x2  
  75  6:01  Gateway  
  75  6:02  Gateway  
  75  6:04  Gateway  
  77  6:05  Gateway  
  81  6:15  Sentry x3, Zealot  
  89  6:26  Immortal, Pylon x2  
  89  6:29  Pylon  
  89  6:30  Pylon  
  89  6:32  Probe x3  
  92  6:34  Shield Battery x2  
  96  6:53  Probe x2  
  96  6:54  Probe  
  99  6:56  Pylon  
  99  7:05  Immortal, Probe  
  99  7:06  Probe x2  
  106  7:09  Assimilator  
  106  7:14  Assimilator  
  106  7:19  Zealot  
  106  7:20  Zealot x7  
  122  7:29  Pylon  
  122  7:31  Pylon  
  122  7:35  Forge  
  120  7:42  Zealot  
  122  7:46  High Templar x4, Zealot x2  
  122  7:50  Archon x2  
  138  7:54  Probe x2  
  140  8:02  Immortal, Observer  
  140  8:08  Stalker x2  
  140  8:09  Stalker x2  
  144  8:16  Protoss Ground Weapons Level 1  
  144  8:19  Zealot x3  
  150  8:20  Zealot  
  150  8:27  Psionic Storm  
  150  8:32  Zealot x4  
  156  8:47  Pylon  
  156  8:49  Pylon  
  156  8:51  Pylon x2  
  156  8:52  Pylon  
  156  9:05  Probe x3  
  156  9:07  Robotics Facility  
  156  9:08  Pylon  
  156  9:09  Immortal  
  163  9:13  Zealot  
  165  9:32  High Templar x3  
  165  9:33  High Templar, Zealot x4  
  181  9:40  Immortal  
  181  9:45  Immortal  
  181  9:52  Photon Cannon  
  185  9:54  Probe x2  
  191  10:07  Pylon  
  191  10:18  Protoss Ground Weapons Level 2  
  187  10:31  Observer  
  187  10:35  Shield Battery  
  187  10:37  Immortal  
  192  11:01  Nexus  
  192  11:02  Zealot x3  
  192  11:06  Zealot x3  
  192  11:07  Zealot x2  
  188  11:23  Zealot x3  
  153  11:34  Zealot x5  
  153  11:35  Immortal x2  
  148  11:47  Nexus  
  128  11:56  Pylon  
  128  11:57  High Templar x4  
  128  11:58  Sentry x2  
  140  12:02  Archon  
  140  12:03  Archon  
  140  12:04  Probe x3  
  143  12:09  Immortal x2  
  151  12:16  Probe x2  
  151  12:18  Protoss Shields Level 1  
  151  12:21  Zealot  
  155  12:23  Dark Shrine  
  155  12:35  Zealot  
  155  12:36  Zealot x4  
  169  12:58  Photon Cannon  
  169  12:59  Photon Cannon  
  169  13:03  Zealot  
  169  13:04  Zealot x5  
  177  13:13  Sentry  
  177  13:14  Sentry  
  154  13:27  Zealot  
  154  13:28  Zealot x4  
  147  13:42  Immortal  
  147  13:43  Zealot x2  
  151  13:48  High Templar x3  
  151  13:49  High Templar  
  151  13:53  Cybernetics Core  
  163  13:57  Probe x3  
  163  13:58  Probe  
  167  14:09  Probe x2  
  169  14:13  Pylon  
  169  14:17  Gateway  
  169  14:19  Gateway  
  169  14:21  Gateway, Dark Templar  
  169  14:22  Dark Templar x3  
  144  15:08  Stalker x7  
  144  15:10  Immortal  
  158  15:34  Stalker  
  158  15:35  Stalker x6  
Show
View Real Time Build Order
Export as new Build Order

Solar Zerg - Winner!

Build Orders: Hatch First, Brood Lord Corruptor, Roach Hydra, Swarm Host 

Get SALT Encoding   

  12  0:01  Drone  
  13  0:13  Overlord  
  13  0:16  Drone  
  14  0:31  Drone x2  
  16  0:49  Hatchery  
  15  0:51  Drone  
  15  0:55  Drone  
  17  0:58  Drone  
  18  1:05  Extractor  
  17  1:14  Spawning Pool  
  17  1:18  Drone  
  17  1:20  Drone  
  18  1:29  Drone  
  19  1:39  Drone  
  20  1:50  Overlord  
  20  2:01  Queen  
  20  2:02  Queen  
  20  2:03  Zergling x2  
  20  2:05  Zergling x2  
  26  2:11  Metabolic Boost  
  26  2:15  Drone  
  27  2:17  Drone  
  27  2:22  Drone  
  29  2:37  Hatchery  
  29  2:39  Drone  
  29  2:41  Drone  
  30  2:49  Queen  
  32  2:53  Overlord  
  32  2:56  Drone  
  33  3:02  Drone x2  
  33  3:04  Drone  
  36  3:13  Drone x2  
  36  3:14  Spore Crawler  
  36  3:17  Drone x2  
  40  3:20  Drone x2  
  40  3:22  Overlord  
  42  3:27  Queen  
  44  3:37  Overlord  
  44  3:49  Spore Crawler, Drone  
  44  3:50  Spore Crawler, Drone x2  
  44  3:51  Drone x2  
  44  3:54  Drone x2  
  49  3:56  Drone x3  
  49  4:00  Drone x2  
  54  4:03  Zergling x4  
  54  4:08  Queen  
  58  4:11  Overlord  
  58  4:16  Drone  
  58  4:17  Drone  
  57  4:18  Drone  
  57  4:25  Lair  
  57  4:31  Drone x3  
  60  4:32  Drone x2  
  60  4:34  Extractor  
  60  4:35  Drone, Extractor  
  60  4:36  Drone  
  60  4:37  Drone  
  63  4:40  Drone  
  63  4:41  Drone  
  63  4:42  Drone  
  66  4:45  Overlord  
  66  4:51  Roach Warren  
  65  4:54  Drone  
  65  4:58  Overlord, Extractor  
  65  5:01  Drone  
  65  5:02  Overlord  
  65  5:04  Overlord  
  66  5:11  Drone x2  
  66  5:13  Overlord  
  68  5:30  Roach x7  
  68  5:31  Roach x4, Glial Reconstitution  
  90  5:36  Drone x3  
  90  5:39  Overlord  
  90  5:40  Overlord  
  93  5:45  Overlord  
  93  5:46  Overlord  
  93  5:47  Overlord x2  
  91  5:50  Drone  
  91  5:52  Drone  
  93  6:00  Drone x3  
  93  6:01  Evolution Chamber  
  93  6:02  Hydralisk Den  
  93  6:03  Drone x2  
  96  6:05  Overseer  
  96  6:07  Drone  
  96  6:10  Drone  
  97  6:13  Extractor  
  97  6:17  Drone x2  
  98  6:20  Drone  
  99  6:29  Zerg Missile Weapons Level 1  
  99  6:33  Hydralisk  
  99  6:34  Grooved Spines, Hydralisk x5, Extractor  
  110  6:41  Drone  
  110  6:42  Drone x2  
  110  6:45  Overlord  
  112  6:48  Overlord, Hatchery  
  112  6:53  Overlord  
  110  6:55  Infestation Pit, Drone  
  110  7:01  Overlord  
  110  7:02  Drone x2  
  110  7:06  Hydralisk x4  
  120  7:10  Hydralisk x2  
  120  7:13  Overseer  
  124  7:17  Pneumatized Carapace  
  124  7:28  Extractor  
  123  7:35  Drone x2  
  123  7:36  Drone  
  126  7:38  Swarm Host x7  
  126  7:39  Extractor  
  126  7:43  Swarm Host  
  149  7:49  Muscular Augments  
  149  7:50  Overlord x2  
  149  7:53  Swarm Host, Drone x3  
  149  7:58  Swarm Host  
  155  8:02  Hydralisk  
  155  8:05  Hydralisk  
  162  8:10  Roach x2  
  162  8:11  Roach  
  170  8:14  Hydralisk  
  170  8:21  Hydralisk x2  
  170  8:24  Hydralisk x2  
  174  8:28  Overlord x2  
  174  8:32  Hatchery  
  173  8:36  Overlord  
  173  8:37  Swarm Host x2  
  173  8:38  Swarm Host  
  173  8:40  Overlord  
  174  8:48  Zerg Missile Weapons Level 2  
  174  8:55  Swarm Host  
  177  9:01  Swarm Host x2, Extractor  
  182  9:03  Extractor  
  182  9:04  Drone x3  
  184  9:13  Hydralisk x4  
  192  9:19  Spine Crawler  
  192  9:20  Spine Crawler  
  190  9:27  Hydralisk x3  
  190  9:28  Hydralisk  
  190  9:29  Roach  
  200  9:57  Hive  
  200  9:59  Baneling Nest  
  199  10:01  Spine Crawler x2  
  199  10:03  Roach  
  197  10:29  Roach  
  199  10:35  Spire  
  198  10:44  Roach  
  198  11:04  Hydralisk  
  198  11:18  Zerg Missile Weapons Level 3  
  196  11:25  Hydralisk  
  196  11:26  Hydralisk  
  196  11:27  Roach  
  196  11:28  Roach  
  196  11:29  Hydralisk  
  196  11:30  Hydralisk x2  
  200  11:37  Hatchery  
  197  11:43  Hydralisk x4  
  197  11:44  Hydralisk x4  
  191  11:47  Hydralisk x4  
  191  11:50  Hydralisk x7  
  191  11:52  Roach x3, Greater Spire  
  191  11:54  Roach x3  
  191  11:56  Hydralisk x2  
  191  11:57  Roach x3  
  199  12:05  Drone  
  200  12:20  Extractor  
  200  12:21  Extractor  
  198  12:44  Corruptor  
  200  12:55  Corruptor  
  198  13:02  Corruptor  
  198  13:03  Corruptor  
  190  13:22  Corruptor x4  
  190  13:31  Brood Lord  
  190  13:32  Brood Lord x3  
  192  13:34  Hydralisk x3  
  192  13:35  Hydralisk x2  
  176  13:44  Corruptor x4  
  176  13:45  Drone x3  
  175  13:50  Zerg Flyer Weapons Level 1  
  175  13:52  Overseer  
  173  14:00  Brood Lord  
  173  14:01  Brood Lord  
  173  14:02  Brood Lord x2  
  181  14:05  Zerg Ground Armor Level 1  
  181  14:15  Hydralisk x7  
  195  14:21  Brood Lord x2  
  199  14:40  Hydralisk  
  199  14:41  Hydralisk  
  199  14:45  Roach  
  199  14:48  Roach x2  
  199  14:52  Roach x2  
  198  15:03  Hydralisk x2  
  198  15:07  Overseer x2  
  200  15:13  Overseer  
  200  15:14  Overseer  
  200  15:16  Overlord  
  194  15:23  Overlord, Spine Crawler, Hatchery  
  194  15:26  Overlord  
  192  15:33  Hydralisk  
  192  15:34  Hydralisk x3  
Tags
 
Add a new tag
Caveats
  • Supply blocks, unpowered buildings, or Contaminate may cause inaccurate times.
  • Supply counts are checked every 10 seconds.